 Dungeon Crawl Stone Soup version 0.30-a0-851-gbd0d260d8e (webtiles) character file.

Game seed: 15475597228717348873

30 IndexError the Shooter (level 3, -14/22 HPs)
             Began as a Gargoyle Hunter on Mar 4, 2023.
             Demolished by an ogre
             ... wielding a +0 giant spiked club
              (19 damage)
             ... on level 4 of the Dungeon.
             The game lasted 00:02:45 (1021 turns).

IndexError the Shooter (Gargoyle Hunter)            Turns: 1021, Time: 00:02:45

Health: -14/22     AC:  6    Str: 14    XL:     3   Next: 18%
Magic:  3/3        EV: 11    Int:  9    God:
Gold:   85         SH:  0    Dex: 15    Spells: 2/2 levels left

rFire   . . .      SeeInvis .    a - +0 shortbow
rCold   . . .      Faith    .    (shield currently unavailable)
rNeg    + . .      Spirit   .    c - +0 leather armour
rPois   ∞          Reflect  .    (no helmet)
rElec   +          Rampage  .    (no cloak)
rCorr   .                        (no gloves)
Will    .....                    (no boots)
Stlth   ++                       (no amulet)
HPRegen 0.23/turn                (no ring)
MPRegen 0.08/turn                (no ring)

@: no status effects
A: sickness immunity, AC +3, negative energy resistance 1, electricity
resistance, torment resistance 1, petrification resistance
a: no special abilities


You were on level 4 of the Dungeon.
You visited 1 branch of the dungeon, and saw 3 of its levels.

You collected 85 gold pieces.

Inventory:

Hand Weapons
 a - a +0 shortbow (weapon)
Armour
 c - a +0 leather armour (worn)
Jewellery
 g - a ring of fire {rF+, rC-}
   (You found it on level 1 of the Dungeon)
Scrolls
 b - a scroll of immolation {!r}
 d - a scroll of identify {unknown}
 e - a scroll of vulnerability {unknown}
 f - a scroll of brand weapon {unknown}
 i - a scroll of teleportation {unknown}


   Skills:
 + Level 2.8 Fighting
 * Level 4.7 Ranged Weapons
 - Level 1.5 Dodging
 - Level 1.1 Stealth


You had 2 spell levels left.
You didn't know any spells.
Your spell library was empty.

Dungeon Overview and Level Annotations

Branches:
Dungeon (4/15)
 Temple: D:4-7

Altars:


Innate Abilities, Weirdness & Mutations

You are immune to sickness and miasma.
Your stone body is resilient. (AC +3)
You are immune to poison.
You resist negative energy. (rN+)
You are resistant to electric shocks. (rElec)
You are resistant to unholy torment.
You are immune to petrification.


Message History

The goblin shoots a sling bullet.
The sling bullet misses you.
The goblin shoots a sling bullet.
The sling bullet completely misses you.
You shoot an arrow.
The arrow hits the goblin but does no damage.
A hobgoblin comes into view.
You shoot an arrow. The arrow hits the goblin!
A goblin comes into view. It is wielding a +0 club.
The giant cockroach bites you but does no damage.
You shoot an arrow. The arrow hits the giant cockroach.
A hobgoblin comes into view.
The giant cockroach bites you.
The giant cockroach bites you but does no damage.
You take 1 damage, and have 17/18 hp.
You shoot an arrow. The arrow hits the giant cockroach.
You have reached level 3!
Your experience leads to an increase in your attributes!
Increase (s)trength, (i)ntelligence, or (d)exterity?
You feel agile. x2
Health restored: 22; MP restored: 3 You shoot an arrow.
The arrow hits the hobgoblin!
You shoot an arrow. The arrow barely misses the goblin.
The arrow closely misses the hobgoblin.
The goblin closely misses you. The goblin hits you but does no damage.
The hobgoblin closely misses you.
You shoot an arrow. The arrow barely misses the goblin.
The goblin hits you but does no damage. The hobgoblin hits you.
You take 3 damage, and have 19/22 hp.
You shoot an arrow. The arrow closely misses the goblin.
The goblin closely misses you. The hobgoblin closely misses you.
You shoot an arrow.
The arrow hits the goblin but does no damage.
The goblin closely misses you. The hobgoblin hits you.
The goblin hits you but does no damage. The hobgoblin closely misses you.
You take 2 damage, and have 18/22 hp.
You shoot an arrow. The arrow hits the goblin.
The goblin barely misses you. The hobgoblin hits you.
You take 3 damage, and have 15/22 hp.
You shoot an arrow. The arrow hits the goblin!
The hobgoblin completely misses you.
You shoot an arrow. The arrow hits the hobgoblin.
The hobgoblin hits you. The hobgoblin barely misses you.
You take 1 damage, and have 15/22 hp.
You shoot an arrow.
The arrow hits the hobgoblin but does no damage.
The hobgoblin hits you but does no damage.
You shoot an arrow. The arrow hits the hobgoblin.
No target in view!
No target in view!
HP restored.
Things that are here:
a +0 club; a hobgoblin corpse
Things that are here:
a +0 dagger; 5 stones A goblin comes into view.
It is wielding a +0 sling.
Found an escape hatch in the floor.
Health restored: 22 You shoot an arrow.
The arrow closely misses the goblin.
The goblin shoots a sling bullet.
The sling bullet barely misses you.
You shoot an arrow. The arrow hits the goblin!
No target in view!
No target in view!
A sourceless malevolence fills the Dungeon...
You fall into a shaft and drop 2 floors!
The shaft crumbles and collapses.
There is a dry fountain here.
You now have 85 gold pieces (gained 14).
A kobold comes into view. It is wielding a +0 whip.
Found an escape hatch in the ceiling.
The kobold shouts!
You hear a shout!
You hear an angry hiss.
An ogre comes into view. It is wielding a +0 giant club.
An iguana comes into view.
You hear a shout!
A giant cockroach comes into view.
The iguana barely misses you. The iguana bites you!
You take 8 damage, and have 14/22 hp.
MASSIVE DAMAGE!!
The iguana attacks as you move away! The iguana bites you.
You take 5 damage, and have 9/22 hp.
MASSIVE DAMAGE!!
The iguana attacks as you move away! The iguana barely misses you.
The iguana attacks as you move away! The iguana bites you!
* * * LOW HITPOINT WARNING * * *
You take 9 damage, and have 2/22 hp.
MASSIVE DAMAGE!!
Okay, then.
It was a potion of curing.
You feel better. The iguana closely misses you.
You regained 11 hp, and now have 13/22 hp.
The iguana attacks as you move away! The iguana closely misses you.
An ogre comes into view. It is wielding a +0 giant spiked club.
The iguana attacks as you move away! The iguana misses you.
Found a scroll labelled OMOSHR MIPNUESINK.
Found a stone staircase leading up.
The iguana attacks as you move away! The iguana bites you!
Ouch! That really hurt!
* * * LOW HITPOINT WARNING * * *
Found a stone.
Found an escape hatch in the floor.
You take 11 damage, and have 4/22 hp.
MASSIVE DAMAGE!!
The iguana hisses menacingly.
The giant cockroach attacks as you move away!
The giant cockroach barely misses you.
The ogre hits you with a +0 giant spiked club!!
Ouch! That really hurt!
You die...

.......#####).....
#......#####........
#........O........>#.
#...................
#.................#
###..............<# #
#..............# . #
#........K...O.###....
#............B@?......
#
##...........l........
#
##...................
# #######..#..##(.....
##.........###
##........# .........#
..........#


You could see 2 ogres, an iguana, a giant cockroach and a kobold.

Vanquished Creatures
  A dart slug (D:1)
  A ball python (D:1)
  2 endoplasms (D:1)
  2 giant cockroaches (D:2)
  4 goblins
  5 hobgoblins
  2 kobolds
  3 bats (D:1)
  4 frilled lizards (D:1)
  A rat (D:1)
25 creatures vanquished.

Notes
Turn   | Place    | Note
-------+----------+-------------------------------------------
     0 | D:1      | IndexError the Gargoyle Hunter began the quest for the Orb.
     0 | D:1      | Reached XP level 1. HP: 12/12 MP: 1/1
   204 | D:1      | Reached XP level 2. HP: 18/18 MP: 2/2
   867 | D:2      | Reached XP level 3. HP: 22/22 MP: 3/3
   927 | D:2      | You fall into a shaft and drop 2 floors!
   962 | D:4      | Noticed an ogre
  1009 | D:4      | HP: 2/22 [iguana (9)]
  1013 | D:4      | Noticed an ogre
  1016 | D:4      | HP: 4/22 [iguana (11)]
  1021 | D:4      | Demolished by an ogre

Illustrated notes

Levels and vault maps discovered:
D:1:      minmay_arrival_split_and_join, layout_basic, dk_noncrumbling_2,
          minmay_misc_feat_tower
D:2:      cheibrodos_greedy_goblins, layout_basic, minmay_goblin_outpost
D:4:      layout_rooms, eat_drink_and_be_merry_uskayaw, kennysheep_little_box,
          minmay_temple_entry_overgrown, serial_corexii_hall,
          chequers_hall_statues_corner_a, corexii_hall_statues_l

Action                     || total
---------------------------++-------
   Fire: Shortbow          ||    70
    Use: Potion            ||     1
 Armour: Leather armour    ||    12
  Dodge: Dodged            ||    31

Table legend: (Time is in decaauts)
 A = Elapsed time spent in this place.
 B = Non-inter-level travel time spent in this place.
 C = Inter-level travel time spent in this place.
 D = Time resting spent in this place.
 E = Time spent auto-exploring this place.
 F = Levels seen in this place.
 G = Mean time per level.
                   A        B        C        D        E       F      G
               +--------+--------+--------+--------+--------+-----+--------+
         Total |   1044 |    950 |     94 |      0 |    759 |   3 |  348.0 |
       Dungeon |   1044 |    950 |     94 |      0 |    759 |   3 |  348.0 |
               +--------+--------+--------+--------+--------+-----+--------+

Top non-repeatable levels by time:
     D:1: 854 daAuts
     D:2: 96 daAuts
     D:4: 93 daAuts

Table legend:
 A = Kills in this place as a percentage of kills in the entire game.
 B = Kills by you in this place as a percentage of kills by you in the entire game.
 C = Kills by friends in this place as a percentage of kills by friends in the entire game.
 D = Other kills in this place as a percentage of other kills in the entire game.
 E = Experience gained in this place as a percentage of experience gained in the entire game.
 F = Experience gained in this place divided by the number of levels of this place that you have seen.
                   A       B       C       D       E      F
               +-------+-------+-------+-------+-------+----------------------
         Total | 100.0 | 100.0 |   N/A |   N/A | 100.0 |  14.3
       Dungeon | 100.0 | 100.0 |   N/A |   N/A | 100.0 |  14.3
               +-------+-------+-------+-------+-------+----------------------
